 Dungeon Crawl Stone Soup version 0.23.2 (webtiles) character file.

Game seed: 1447053649683201717

159 Kairos the Insei (level 5, -1/33 HPs)
             Began as an Octopode Transmuter on Apr 9, 2019.
             Slain by a sky beast (6 damage)
             ... on level 4 of the Dungeon.
             The game lasted 00:05:49 (3587 turns).

Kairos the Insei (Octopode Transmuter)              Turns: 3587, Time: 00:05:49

Health: -1/33      AC:  1    Str:  9    XL:     5   Next: 40%
Magic:  17/17      EV: 11    Int: 17    God:
Gold:   152        SH:  7    Dex: 12    Spells: 8/9 levels left

rFire    . . .     SeeInvis .     - Unarmed
rCold    . . .     Gourm    .   l - +0 shield
rNeg     . . .     Faith    .   (helmet restricted)
rPois    .         Spirit   .   (no amulet)
rElec    .         Reflect  .   f - ring of flight
rCorr    +         Harm     .   p - ring of magical power
MR       .....                  u - ring of resist corrosion
Stlth    +++.......             (no ring)
HPRegen  0.11/turn              (no ring)
MPRegen  0.15/turn              (no ring)
                                (no ring)
                                (no ring)

@: very slightly contaminated
A: almost no armour, stealthy swim, amphibious, 8 rings, constrict 8, camouflage
1, gelatinous body 1
a: Evoke Flight


You were on level 4 of the Dungeon.
You were hungry.

You visited 1 branch of the dungeon, and saw 4 of its levels.

You collected 152 gold pieces.

Inventory:

Hand Weapons
 k - a +0 hunting sling
 n - a +0 mace
 q - a +0 flail
Missiles
 a - 44 arrows
Armour
 l - a +0 shield (worn)
Jewellery
 f - a ring of flight (left tentacle)
 p - a ring of magical power (right tentacle)
 u - a ring of resist corrosion (on tentacle)
Scrolls
 b - a scroll of noise {unknown}
 d - 3 scrolls of teleportation {unknown}
 e - a scroll of fear {unknown}
 h - 3 scrolls of remove curse
 i - a scroll of enchant weapon {unknown}
 o - 2 scrolls of amnesia {unknown}
 v - a scroll of fog {unknown}
Potions
 g - a potion of flight {unknown}
 j - 3 potions of brilliance
 m - a potion of might
 r - a potion of agility
 t - a potion of cancellation {unknown}
Comestibles
 c - 4 rations


   Skills:
 + Level 1.1 Fighting
 + Level 2.7 Dodging
 + Level 2.1 Stealth
 * Level 1.0 Shields
 + Level 4.2 Unarmed Combat
 + Level 2.5 Spellcasting
 + Level 2.8 Transmutations


You had 8 spell levels left.
You knew the following spells:

 Your Spells              Type           Power        Failure   Level  Hunger
a - Beastly Appendage     Tmut           ##....       34%         1    #......

Your spell library contained the following spells:

 Spells                   Type           Power        Failure   Level  Hunger
 Sticks to Snakes         Tmut           ##......     45%         2    ##.....
 Spider Form              Tmut/Pois      #.........   88%         3    ###....
 Ice Form                 Ice/Tmut       #.......     99%         4    #####..
 Blade Hands              Tmut           ##........   100%        5    ######.


Dungeon Overview and Level Annotations

Branches:
Dungeon (4/15)
 Temple: D:4-7

Altars:
Qazlal
Ru


Innate Abilities, Weirdness & Mutations

You cannot wear most types of armour.
You are very stealthy in the water. (Stealth+)
You are amphibious.
You can wear up to eight rings at the same time.
You can use your tentacles to constrict eight enemies at once.
Your skin changes colour to match your surroundings (Stealth+).
Your rubbery body absorbs attacks. (AC +1, EV +1)


Message History

You barely miss the sky beast.
The sky beast is severely wounded.
You block the sky beast's attack.
There is an open door here.
The sky beast flickers out of sight!
Deactivating autopickup; reactivate with Ctrl-A.
Your tentacle spike disappears.
A sky beast appears from thin air!
Reactivating autopickup.
The sky beast flickers out of sight!
Deactivating autopickup; reactivate with Ctrl-A.
A sky beast appears from thin air!
Reactivating autopickup.
The sky beast flickers out of sight!
Deactivating autopickup; reactivate with Ctrl-A.
There is a stone staircase leading up here.
Something hits you.
* * * LOW HITPOINT WARNING * * *
Something shocks you.
You die...

################
#..............#
#.##....#.####.#
#.#.###.#.####.###
#.#.# #....##.....
#@#.###.#.>......#
#.##....#.###...##
#.###.#.#># ##.##
#.........####.#
#####.#........#
#.########'## #.#
##...## ..#
##.....# .##
##.......


There were no monsters in sight!

Vanquished Creatures
  An orc wizard (D:3)
  A hound skeleton (D:3)
  2 adders
  2 oozes
  3 worms
  A dart slug (D:2)
  A leopard gecko (D:3)
  6 orcs (D:3)
  A ball python (D:3)
  8 bats
  4 giant cockroaches
  7 goblins
  10 hobgoblins
  4 jackals
  2 quokkas (D:2)
  4 frilled lizards
  4 kobolds
  11 rats
72 creatures vanquished.

Notes
Turn   | Place    | Note
-------+----------+-------------------------------------------
     0 | D:1      | Kairos the Octopode Transmuter began the quest for the Orb.
     0 | D:1      | Reached XP level 1. HP: 13/13 MP: 3/3
    41 | D:1      | Reached XP level 2. HP: 6/18 MP: 5/5
   904 | D:1      | Reached XP level 3. HP: 23/23 MP: 6/6
  2316 | D:2      | Reached skill level 1 in Stealth
  2316 | D:2      | Reached XP level 4. HP: 26/28 MP: 7/7
  2851 | D:3      | Reached XP level 5. HP: 30/33 MP: 8/8
  2861 | D:3      | Reached skill level 4 in Unarmed Combat
  2862 | D:3      | Found a stormy altar of Qazlal.
  3309 | D:3      | Found a sacrificial altar of Ru.
  3354 | D:3      | Found a faded altar of an unknown god.
  3381 | D:3      | Reached skill level 1 in Shields
  3541 | D:4      | Noticed a sky beast
  3587 | D:4      | Slain by a sky beast

Skill      XL: |  1  2  3  4  5 |
---------------+----------------+-----
Stealth        | 1 2 |  2.1
Unarmed Combat | 4 |  4.2
Shields        | 1 |  1.0
Fighting       | |  1.1
Dodging        | |  2.7
Spellcasting   | |  2.5
Transmutations | |  2.8

Action                   |  1- 3 |  4- 6 || total
-------------------------+-------+-------++-------
Melee: Unarmed           |    76 |    89 ||   165
       Tentacles         |    11 |    16 ||    27
       Constrict         |    23 |    23 ||    46
       Kick              |     9 |    10 ||    19
 Cast: Beastly Appendage |    10 |     7 ||    17
  Use: Scroll            |       |     4 ||     4
 Stab: Sleeping          |     5 |     7 ||    12
  Eat: Chunk             |     4 |     4 ||     8
Armor: Skin              |    12 |    10 ||    22
Dodge: Dodged            |    34 |    34 ||    68
Block: Shield            |     8 |    36 ||    44
